 Dungeon Crawl Stone Soup version 0.31-a0-740-g87205ac768 (console) character file.

Game seed: 1738713795112402006

16627 jejorda2 the Protected (level 12, -13/97 HPs)
             Began as a Gnoll Berserker on Sept 12, 2023.
             Was a Priest of Trog.
             Mangled by a titanic slime creature (52 damage)
             ... on level 12 of the Dungeon.
             The game lasted 00:36:29 (13110 turns).

jejorda2 the Protected (Gnoll Berserker)           Turns: 13110, Time: 00:36:29

Health: -13/97     AC: 25    Str: 23    XL:     12   Next: 39%
Magic:  23/23      EV: 10    Int:  8    God:    Trog [***...]
Gold:   837        SH:  0    Dex: 11    Spells: 25/25 levels left

rFire   + . .        a - +0 battleaxe
rCold   . . .        (shield currently unavailable)
rNeg    . . .        J - +0 plate armour
rPois   +            (no helmet)
rElec   .            B - +2 cloak
rCorr   .            m - +2 pair of gloves
SInv    .            n - +2 pair of boots
Will    .....        (no amulet) Stlth
                     e - ring of poison resistance
HPRegen 0.36/turn    k - ring of Ciama {rF+ Int+2}
MPRegen 0.18/turn

%: no passive effects
@: on berserk cooldown, slowed, studying Armour, very slow
A: fangs 1, strong nose, distributed training
a: Renounce Religion, Berserk, Trog's Hand


You were on level 12 of the Dungeon.
You worshipped Trog.
Trog was most pleased with you.
You visited 1 branch of the dungeon, and saw 12 of its levels.
You also visited: Ossuary.

You collected 837 gold pieces.

Inventory:

Hand Weapons
 a - a +0 battleaxe (weapon)
 b - a +4 scimitar of flaming
Missiles
 c - 20 poisoned darts
 o - 15 boomerangs
 v - a curare-tipped dart
 I - a throwing net
Armour
 m - a +2 pair of gloves (worn)
 n - a +2 pair of boots (worn)
 B - a +2 cloak (worn)
 J - a +0 plate armour (worn)
Jewellery
 e - a ring of poison resistance (left hand)
 k - the ring of Ciama (right hand) {rF+ Int+2}
   (You found it on level 11 of the Dungeon)

   [ring of protection from fire]

   Int+2:     It affects your intelligence (+2).
   rF+:       It protects you from fire.
 x - a ring of fire
 E - a ring of magical power
 K - a ring of flight
Wands
 d - a wand of roots (6)
 g - a wand of light (9)
 u - a wand of paralysis (6)
 H - a wand of flame (10)
Scrolls
 i - 3 scrolls of enchant weapon
 j - 3 scrolls of immolation
 t - 2 scrolls of revelation
 y - 2 scrolls of fear
 D - a scroll of vulnerability
 F - 3 scrolls of enchant armour
 L - 2 scrolls of blinking
Potions
 h - 5 potions of curing
 l - 3 potions of heal wounds
 p - 2 potions of attraction
 q - a potion of resistance
 r - 3 potions of cancellation
 s - a potion of invisibility
 w - a potion of ambrosia {unknown}
 z - a potion of enlightenment {unknown}
 A - 4 potions of might
 C - a potion of lignification {unknown}
 G - 2 potions of haste
 M - a potion of degeneration {unknown}


   Skills:
 + Level 9.9 Fighting
 + Level 7.4 Short Blades
 + Level 7.4 Long Blades
 + Level 9.9 Axes
 + Level 7.4 Maces & Flails
 + Level 7.4 Polearms
 + Level 7.4 Staves
 + Level 7.4 Ranged Weapons
 + Level 7.4 Throwing
 + Level 10.7 Armour
 + Level 8.8 Dodging
 + Level 7.4 Stealth
 + Level 7.4 Shields
 + Level 7.4 Unarmed Combat
 + Level 7.4 Spellcasting
 + Level 6.1 Conjurations
 + Level 6.1 Hexes
 + Level 6.1 Summonings
 + Level 6.1 Necromancy
 + Level 6.1 Translocations
 + Level 6.1 Transmutations
 + Level 6.1 Fire Magic
 + Level 6.1 Ice Magic
 + Level 6.1 Air Magic
 + Level 6.1 Earth Magic
 + Level 6.1 Poison Magic
 + Level 8.1 Invocations
 + Level 7.4 Evocations
 + Level 6.7 Shapeshifting


You had 25 spell levels left.
You didn't know any spells.
Your spell library was empty.

Dungeon Overview and Level Annotations

Branches:
Dungeon (12/15)            Temple (0/1) D:5            Lair (0/5) D:10
    Orc (0/2) D:12        Ossuary (visited)

Altars:
Fedhas
Gozag
Hepliaklqana
Makhleb
Qazlal
Vehumet
Wu Jian
Yredelemnul

Shops:
D:6 [:   D:9 [   D:10 (

Annotations:
D:5 exclusion: oklob plant


Innate Abilities, Weirdness & Mutations

You have very sharp teeth.
Your uncanny sense of smell can sniff out nearby items.
Your experience applies equally to all skills.


Message History

You slash the very large slime creature!
You bite the very large slime creature, but do no damage.
The very large slime creature is heavily wounded.
The very large slime creature hits you!!
A slime creature comes into view.
You slice the very large slime creature!!
The very large slime creature is severely wounded.
You slash the very large slime creature!
The very large slime creature is severely wounded.
Two slime creatures merge to form an enormous slime creature.
You slash the enormous slime creature!
Your bite misses the enormous slime creature.
The enormous slime creature is heavily wounded.
The enormous slime creature completely misses you.
A slime creature comes into view.
You slash the enormous slime creature! You bite the enormous slime creature.
The enormous slime creature is severely wounded.
Two slime creatures merge to form a titanic slime creature.
You hit the titanic slime creature.
The titanic slime creature is heavily wounded.
The titanic slime creature completely misses you.
You slash the titanic slime creature!
Your bite misses the titanic slime creature.
The titanic slime creature is severely wounded.
The titanic slime creature closely misses you.
You slice the titanic slime creature!!
The titanic slime creature is severely wounded.
You slash the titanic slime creature! You bite the titanic slime creature!
The titanic slime creature is severely wounded.
The titanic slime creature completely misses you.
You slice the titanic slime creature!!
The titanic slime creature is almost dead.
You are no longer berserk.
You are exhausted.
You feel yourself slow down. The titanic slime creature hits you!
You slash the titanic slime creature!
The titanic slime creature is almost dead.
The titanic slime creature hits you!!!
Ouch! That really hurt!
You die...

...... #
..... ..
..#.# ...
...# ##..
#..# .....
#..#
#....##..#
#.DJ@..#
#######
#.####.#
#......
#.#
#.#####
#.# #.#
#.# #.#
#.# #.# ∆
#.# #.#
#.# #.#
#.# #.#


You could see a titanic slime creature and an acid dragon.

Vanquished Creatures
  Azrael (D:12)
  A rakshasa (D:9)
  Erica (D:9)
  2 two-headed ogres
  3 death yaks
  The ghost of Pokonic1 the Fighter, a novice MiFi of Qazlal (D:5)
  Pikel (D:8)
  An orc knight (D:12)
  A manticore (D:11)
  A cyclops (D:12)
  3 trolls
  A hornet (D:9)
  Grinder (D:5)
  A shadow (D:9)
  A vampire (D:9)
  4 yaks (D:9)
  A wyvern (D:9)
  Eustachio (D:6)
  4 fire elementals (D:12)
  A basilisk (D:11)
  3 steam dragons
  11 vampire mosquitoes
  3 acid dragons
  Duvessa (D:5)
  4 water moccasins
  2 ice beasts (D:7)
  3 orc warriors
  3 sky beasts (D:7)
  A black bear (D:6)
  An ogre (D:5)
  A centaur (D:5)
  A lemure (D:8)
  3 phantoms
  A kobold brigand (D:9)
  10 bullfrogs
  3 gnoll sergeants
  10 scorpions (Ossuary)
  Dowan (D:5)
  The ghost of Sundig the Trooper, a weakling DgFi (D:3)
  3 killer bees (D:9)
  5 howler monkeys
  A crimson imp (D:8)
  2 centaur zombies (Ossuary)
  2 hounds (D:6)
  A jelly (D:7)
  6 orc priests
  4 human zombies (Ossuary)
  2 sleepcaps
  Ijyb (D:4)
  A gnoll bouda (D:9)
  3 iguanas (D:5)
  13 orc wizards
  7 scorpion zombies (Ossuary)
  A hell rat (D:9)
  4 mummies
  13 gnolls
  5 adders
  2 river rats (D:10)
  3 shadow imps
  4 white imps
  An ufetubus (D:4)
  2 worms (D:2)
  2 dart slugs
  47 orcs
  9 ball pythons
  6 endoplasms
  3 giant cockroaches
  2 gnoll zombies (Ossuary)
  12 goblins
  10 hobgoblins
  4 quokkas
  5 bats
  3 frilled lizards
  2 goblin zombies (Ossuary)
  6 hobgoblin zombies (Ossuary)
  16 kobolds
  A kobold zombie (Ossuary)
  2 orc zombies (Ossuary)
  7 rats
  A spectral orc (D:3)
318 creatures vanquished.

Vanquished Creatures (others)
  An orc wizard (D:8)
  2 orcs
3 creatures vanquished.

Grand Total: 321 creatures vanquished

Notes
Turn   | Place    | Note
-------+----------+-------------------------------------------
     0 | D:1      | jejorda2 the Gnoll Berserker began the quest for the Orb.
     0 | D:1      | Reached XP level 1. HP: 23/23 MP: 1/1
   151 | D:1      | Reached XP level 2. HP: 25/29 MP: 2/2
   989 | D:2      | Reached XP level 3. HP: 35/35 MP: 3/3
  1049 | D:2      | Reached skill level 1 in Invocations
  1156 | D:2      | Reached skill level 1 in Short Blades
  1156 | D:2      | Reached skill level 1 in Long Blades
  1156 | D:2      | Reached skill level 1 in Maces & Flails
  1156 | D:2      | Reached skill level 1 in Polearms
  1156 | D:2      | Reached skill level 1 in Staves
  1156 | D:2      | Reached skill level 1 in Ranged Weapons
  1156 | D:2      | Reached skill level 1 in Throwing
  1156 | D:2      | Reached skill level 1 in Stealth
  1156 | D:2      | Reached skill level 1 in Shields
  1156 | D:2      | Reached skill level 1 in Unarmed Combat
  1156 | D:2      | Reached skill level 1 in Spellcasting
  1156 | D:2      | Reached skill level 1 in Evocations
  1358 | D:2      | Reached XP level 4. HP: 41/41 MP: 5/5
  1365 | D:2      | Reached skill level 1 in Shapeshifting
  1626 | D:2      | Reached ** piety under Trog
  1699 | D:2      | Reached skill level 1 in Conjurations
  1699 | D:2      | Reached skill level 1 in Hexes
  1699 | D:2      | Reached skill level 1 in Summonings
  1699 | D:2      | Reached skill level 1 in Necromancy
  1699 | D:2      | Reached skill level 1 in Translocations
  1699 | D:2      | Reached skill level 1 in Transmutations
  1699 | D:2      | Reached skill level 1 in Fire Magic
  1699 | D:2      | Reached skill level 1 in Ice Magic
  1699 | D:2      | Reached skill level 1 in Air Magic
  1699 | D:2      | Reached skill level 1 in Earth Magic
  1699 | D:2      | Reached skill level 1 in Poison Magic
  2150 | D:3      | Found a faded altar of an unknown god.
  2238 | D:3      | Found a basalt altar of Yredelemnul.
  2360 | D:3      | Reached XP level 5. HP: 47/47 MP: 6/6
  2686 | D:3      | Found a large runed translucent door.
  2686 | D:3      | Found a large runed translucent door.
  2691 | D:3      | Noticed Sundig's ghost (weakling DgFi)
  2937 | D:3      | Killed Sundig's ghost
  3165 | D:4      | Reached XP level 6. HP: 53/53 MP: 8/8
  3350 | D:4      | Reached skill level 5 in Armour
  3350 | D:4      | Reached skill level 5 in Dodging
  3401 | D:4      | Noticed Ijyb
  3411 | D:4      | Killed Ijyb
  3721 | D:4      | Found an opulent altar of Gozag.
  4197 | D:5      | Entered Level 5 of the Dungeon
  4286 | D:5      | Found a large runed translucent door.
  4289 | D:5      | Found a large runed translucent door.
  4306 | D:5      | Reached XP level 7. HP: 59/59 MP: 10/10
  4474 | D:5      | Identified the +3 dagger "Yruzeum" {chaos, rC+}
  4478 | D:5      | Noticed Dowan
  4478 | D:5      | Noticed Duvessa
  4493 | D:5      | Killed Duvessa
  4494 | D:5      | Reached XP level 8. HP: 67/67 MP: 10/12
  4499 | D:5      | Killed Dowan
  4514 | D:5      | Noticed Grinder
  4525 | D:5      | Paralysed by Grinder for 4 turns
  4530 | D:5      | Killed Grinder
  4621 | D:5      | Found Luattas's Armour Shop.
  4758 | D:5      | Found a staircase to the Ecumenical Temple.
  4862 | D:5      | Found a blossoming altar of Fedhas.
  4885 | D:5      | Noticed an oklob plant
  4992 | D:5      | Noticed Pokonic1's ghost (novice MiFi)
  5065 | D:5      | Killed Pokonic1's ghost
  5066 | D:5      | Reached skill level 6 in Armour
  5066 | D:5      | Reached XP level 9. HP: 46/73 MP: 14/14
  5255 | D:6      | Found a stormy altar of Qazlal.
  5391 | D:6      | Noticed Eustachio
  5398 | D:6      | Killed Eustachio
  5480 | D:6      | Found Reiwnuhu's Book Shoppe.
  5579 | D:6      | Found Usaock's Antique Armour Boutique.
  5828 | D:7      | Reached skill level 5 in Invocations
  5836 | D:7      | Reached skill level 7 in Armour
  5979 | D:7      | Found a sand-covered staircase.
  5992 | Ossuary  | Entered an ossuary
  6042 | Ossuary  | Reached XP level 10. HP: 74/80 MP: 17/17
  6100 | Ossuary  | Reached skill level 5 in Short Blades
  6100 | Ossuary  | Reached skill level 5 in Long Blades
  6100 | Ossuary  | Reached skill level 5 in Maces & Flails
  6100 | Ossuary  | Reached skill level 5 in Polearms
  6100 | Ossuary  | Reached skill level 5 in Staves
  6100 | Ossuary  | Reached skill level 5 in Ranged Weapons
  6100 | Ossuary  | Reached skill level 5 in Throwing
  6100 | Ossuary  | Reached skill level 5 in Stealth
  6100 | Ossuary  | Reached skill level 5 in Shields
  6100 | Ossuary  | Reached skill level 5 in Unarmed Combat
  6100 | Ossuary  | Reached skill level 5 in Spellcasting
  6100 | Ossuary  | Reached skill level 5 in Evocations
  6170 | Ossuary  | Reached *** piety under Trog
  6461 | D:7      | Found an ornate altar of the Wu Jian Council.
  6899 | D:8      | Noticed Pikel
  7222 | D:8      | Reached skill level 8 in Armour
  7391 | D:8      | Killed Pikel
  7392 | D:8      | Reached skill level 5 in Shapeshifting
  7511 | D:8      | Found a radiant altar of Vehumet.
  7512 | D:8      | Found a burning altar of Makhleb.
  7845 | D:9      | Noticed a rakshasa
  7846 | D:9      | Noticed a two-headed ogre
  7954 | D:9      | Noticed Erica
  7964 | D:9      | Killed Erica
  8601 | D:9      | Reached XP level 11. HP: 81/87 MP: 19/19
  8721 | D:9      | Found Perseus's Dragon-Slaying Spoils.
  8986 | D:9      | Reached skill level 9 in Armour
  8986 | D:9      | Reached skill level 5 in Conjurations
  8986 | D:9      | Reached skill level 5 in Hexes
  8986 | D:9      | Reached skill level 5 in Summonings
  8986 | D:9      | Reached skill level 5 in Necromancy
  8986 | D:9      | Reached skill level 5 in Translocations
  8986 | D:9      | Reached skill level 5 in Transmutations
  8986 | D:9      | Reached skill level 5 in Fire Magic
  8986 | D:9      | Reached skill level 5 in Ice Magic
  8986 | D:9      | Reached skill level 5 in Air Magic
  8986 | D:9      | Reached skill level 5 in Earth Magic
  8986 | D:9      | Reached skill level 5 in Poison Magic
  9366 | D:9      | Killed a rakshasa
  9437 | D:9      | Killed a two-headed ogre
  9620 | D:10     | Entered Level 10 of the Dungeon
  9935 | D:10     | Noticed a death yak
  9964 | D:9      | Killed a death yak
  9998 | D:10     | Noticed a death yak
  9998 | D:10     | Noticed a death yak
 10282 | D:10     | Found a staircase to the Lair.
 10380 | D:10     | Killed a death yak
 10385 | D:10     | Killed a death yak
 10605 | D:10     | Found Vaox's Weapon Shoppe.
 11138 | D:11     | Found a hazy altar of Hepliaklqana.
 11162 | D:11     | Reached skill level 10 in Armour
 11723 | D:11     | Identified the ring of Ciama {rF+ Int+2}
 11757 | D:11     | Noticed a manticore
 11769 | D:11     | Killed a manticore
 12060 | D:12     | Reached XP level 12. HP: 72/96 MP: 22/22
 12144 | D:12     | Noticed a two-headed ogre
 12157 | D:12     | Killed a two-headed ogre
 12510 | D:12     | Noticed Azrael
 12531 | D:12     | Killed Azrael
 12674 | D:12     | Found a staircase to the Orcish Mines.
 13110 | D:12     | Mangled by a titanic slime creature

Illustrated notes

Levels and vault maps discovered:
D:1:      nicolae_arrival_washed_ashore, layout_loops_corners, item_on_display_a
D:2:      layout_basic, mrwooster_statue_mirror
D:3:      corexii_shack_village, layout_loops_ring,
          yredelemnul_forgotten_temple_becter, ebering_ghost_disaster_area,
          hellmonk_ecumenical_altar_inner_sanctum, guppyfry_early_lair_pool
D:4:      layout_layer_cave, nicolae_gozag_cash_rules_everything_around_me,
          dreamdust_mushroom_princess, uniq_ijyb
D:5:      layout_cave_pools, tgw_fedhas, minmay_temple_entry_offerings,
          serial_shops, nicolae_shop_rolling_square,
          ebering_ghost_disaster_area, uniq_duvessa, uniq_grinder
D:6:      layout_basic, mainiacjoe_overflow_concentric_impassable, serial_shops,
          nicolae_shop_statue_plus, shop, uniq_eustachio
D:7:      layout_gridville, nzn_wu_jian_contemplation,
          gup_ossuary_entry_pyramid, hangedman_misty_isle
D:8:      layout_basic, grunt_temple_overflow_lords_of_destruction, uniq_pikel
D:9:      minmay_clustersquares, layout_loops_ring, nicolae_shop_dragon_depot,
          uniq_erica
D:10:     layout_cave_pools, dpeg_lair_monsters, serial_shops,
          nicolae_shop_bloodbath_and_beyond, st_stairs_9
D:11:     layout_loops_corners, nicolae_hepliaklqana_hazy_memory
D:12:     layout_loops_ring, david_orc_5, grunt_dithmenos_shadows, uniq_azrael

Skill      XL: |  1  2  3  4  5  6  7  8  9 10 11 12 |
---------------+-------------------------------------+-----
Invocations    | 1 2 3 4 5 6 7 8 |  8.1
Short Blades   | 1 2 3 4 5 6 7 |  7.4
Long Blades    | 1 2 3 4 5 6 7 |  7.4
Maces & Flails | 1 2 3 4 5 6 7 |  7.4
Polearms       | 1 2 3 4 5 6 7 |  7.4
Staves         | 1 2 3 4 5 6 7 |  7.4
Ranged Weapons | 1 2 3 4 5 6 7 |  7.4
Throwing       | 1 2 3 4 5 6 7 |  7.4
Stealth        | 1 2 3 4 5 6 7 |  7.4
Shields        | 1 2 3 4 5 6 7 |  7.4
Unarmed Combat | 1 2 3 4 5 6 7 |  7.4
Spellcasting   | 1 2 3 4 5 6 7 |  7.4
Evocations     | 1 2 3 4 5 6 7 |  7.4
Shapeshifting  | 1 2 3 4 5 6 |  6.7
Conjurations   | 1 2 3 4 5 6 |  6.1
Hexes          | 1 2 3 4 5 6 |  6.1
Summonings     | 1 2 3 4 5 6 |  6.1
Necromancy     | 1 2 3 4 5 6 |  6.1
Translocations | 1 2 3 4 5 6 |  6.1
Transmutations | 1 2 3 4 5 6 |  6.1
Fire Magic     | 1 2 3 4 5 6 |  6.1
Ice Magic      | 1 2 3 4 5 6 |  6.1
Air Magic      | 1 2 3 4 5 6 |  6.1
Earth Magic    | 1 2 3 4 5 6 |  6.1
Poison Magic   | 1 2 3 4 5 6 |  6.1
Armour         | 5 6 7 8 10 | 10.7
Dodging        | 5 6 7 8 |  8.8
Fighting       | 7 8 9 |  9.9
Axes           | 7 8 9 |  9.9

Action                     |  1- 3 |  4- 6 |  7- 9 | 10-12 || total
---------------------------+-------+-------+-------+-------++-------
  Melee: Hand axe          |    88 |   111 |       |       ||   199
         Bite              |     3 |    18 |    17 |   102 ||   140
         Punch             |       |     2 |     4 |       ||     6
         War axe           |       |    79 |   206 |   760 ||  1045
         Battleaxe         |       |       |       |    23 ||    23
 Invoke: Berserk           |     1 |     4 |     7 |    22 ||    34
         Trog's Hand       |       |     1 |     7 |    13 ||    21
  Evoke: Wand              |       |       |     4 |     6 ||    10
    Use: Scroll            |       |     7 |     4 |    16 ||    27
         Potion            |       |       |     1 |     2 ||     3
   Stab: Invisible         |       |       |       |     4 ||     4
 Armour: Animal skin       |     4 |       |       |       ||     4
         Plate armour      |    71 |   159 |   217 |   711 ||  1158
  Dodge: Dodged            |    34 |    65 |    75 |   293 ||   467
  Block: Buckler           |       |       |    22 |   169 ||   191

Table legend: (Time is in decaauts)
 A = Elapsed time spent in this place.
 B = Non-inter-level travel time spent in this place.
 C = Inter-level travel time spent in this place.
 D = Time resting spent in this place.
 E = Time spent auto-exploring this place.
 F = Levels seen in this place.
 G = Mean time per level.
                   A        B        C        D        E       F      G
               +--------+--------+--------+--------+--------+-----+--------+
         Total |  13498 |  13061 |    437 |   2094 |   8115 |  13 | 1038.3 |
       Dungeon |  13046 |  12609 |    437 |   2033 |   7998 |  12 | 1087.2 |
       Ossuary |    452 |    452 |      0 |     61 |    117 |   1 |  452.0 |
               +--------+--------+--------+--------+--------+-----+--------+

Top non-repeatable levels by time:
     D:9: 2533 daAuts
     D:4: 1304 daAuts
    D:12: 1196 daAuts
    D:11: 1073 daAuts
     D:2: 1050 daAuts
     D:1: 1016 daAuts
     D:5: 965 daAuts
     D:3: 956 daAuts
     D:8: 938 daAuts
     D:7: 728 daAuts
    D:10: 657 daAuts
     D:6: 626 daAuts
 Ossuary: 452 daAuts
